 Dungeon Crawl Stone Soup version 0.31-a0-986-g5e6e4ef867 (webtiles) character file.

Game seed: 16727138699241113755

9 dialectric the Sneak (level 2, -1/16 HPs)
             Began as a Spriggan Delver on Nov 15, 2023.
             Slain by a gnoll
             ... wielding a +0 flail
             ... led by a gnoll bouda
              (5 damage)
             ... on level 3 of the Dungeon.
             The game lasted 00:00:33 (125 turns).

dialectric the Sneak (Spriggan Delver)               Turns: 125, Time: 00:00:33

Health: -1/16      AC:  2    Str:  8    XL:     2   Next: 3%
Magic:  3/3        EV: 17    Int: 11    God:
Gold:   9          SH:  0    Dex: 16    Spells: 1/1 levels left

rFire   . . .        a - +0 short sword
rCold   . . .        (no shield)
rNeg    . . .        b - +0 robe
rPois   .            (helmet restricted)
rElec   .            (no cloak)
rCorr   .            (gloves unavailable)
SInv    +            (boots unavailable)
Will    .....        (no amulet)
Stlth   ++++         (no ring)
HPRegen 0.22/turn    (no ring)
MPRegen 0.08/turn

%: no passive effects
@: very quick
A: very small, no large weapons, unfitting armour, see invisible, speed 3
a: no special abilities


You were on level 3 of the Dungeon.
You visited 1 branch of the dungeon, and saw 3 of its levels.

You collected 9 gold pieces.

Inventory:

Hand Weapons
 a - a +0 short sword (weapon)
Armour
 b - a +0 robe (worn)
Wands
 g - a wand of digging (3)
 h - a wand of iceblast (3)
Scrolls
 c - a scroll of fog
 d - a scroll of revelation
 e - a scroll of fear
 j - a scroll of immolation {unknown}
 l - a scroll of identify {unknown}
Potions
 f - a potion of haste
 i - 2 potions of heal wounds {unknown}
 k - a potion of curing {unknown}


   Skills:
 + Level 2.5 Fighting
 + Level 2.2 Short Blades
 + Level 2.7 Dodging
 + Level 7.7 Stealth


You had one spell level left.
You didn't know any spells.
Your spell library was empty.

Dungeon Overview and Level Annotations

Branches:
Dungeon (5/15)
 Temple: D:4-7

Altars:


Innate Abilities, Weirdness & Mutations

You are very small and have problems with some larger weapons.
You are too small for most types of armour.
You have supernaturally acute eyesight. (SInv)
You cover ground extremely quickly. (Speed+++)


Message History

There are monsters nearby!
A gnoll comes into view. It is wielding a +0 flail.
The gnoll bouda enters a dispersal trap!
The gnoll blinks! x2; You blink.
Found an escape hatch in the ceiling.
The gnoll bouda blinks!
There are monsters nearby!
You hit the gnoll.
The gnoll is lightly wounded.
The gnoll barely misses you.
The gnoll bouda barks out a call to the hunt!
The gnolls pick up the pace!
You hit the gnoll.
The gnoll is moderately wounded.
The gnoll hits you with a +0 flail!
Ouch! That really hurt!
The gnoll barely misses you.
Unknown command.
You enter a dispersal trap!
The gnoll blinks! x5; The gnoll bouda blinks!
The gnoll blinks!
The gnoll bouda blinks!
You blink.
A kobold comes into view. It is wielding a +0 short sword.
Found a clear potion.
The kobold shouts!
The gnoll attacks as it pursues you! The gnoll closely misses you.
The gnoll bouda calls upon its god to heal the gnoll.
The gnoll's wounds heal themselves!
The gnoll attacks as it pursues you! The gnoll barely misses you.
The gnoll attacks as it pursues you! The gnoll barely misses you.
There is an escape hatch in the ceiling here.
The gnoll hits you with a +0 flail.
* * * LOW HITPOINT WARNING * * *
A mysterious force pulls you upwards. The hatch slams shut behind you.
You hear the sound of rushing water.
There is an entrance to a sewer on this level.
Hurry and find it before the portal rusts away!
Found a stone staircase leading up.
Unknown command.
A frilled lizard comes into view.
Found a stone staircase leading down.
There is a stone staircase leading up here.
The gnoll hits you with a +0 flail.
You die...

...# ...# #..#
#..######
#........
####.....#..
#........#
#####.g......#
#....@......##
....###..........
. #.........#
............
###..l#..P♣..
#......♣P.♣
.........
.....>...


You could see a gnoll (swift) and a frilled lizard (asleep).

Vanquished Creatures
  An adder (D:4)
1 creature vanquished.

Notes
Turn   | Place    | Note
-------+----------+-------------------------------------------
     0 | D:5      | dialectric the Spriggan Delver began the quest for the Orb.
     0 | D:5      | Reached XP level 1. HP: 11/11 MP: 2/2
    28 | D:5      | Noticed an orc priest
    82 | D:4      | Reached XP level 2. HP: 15/16 MP: 3/3
   125 | D:3      | Slain by a gnoll

Illustrated notes

Levels and vault maps discovered:
D:3:      corexii_shack_village, layout_rooms, lightli_sewer_entry_pipes,
          wad_woods_river_04, serial_park_tiny_2, minmay_ruptured
D:4:      layout_loops_ring, nicolae_wu_jian_immortal_techniques,
          grunt_temple_overflow_open, kennysheep_generic_room_2
D:5:      layout_layer_cave

Action                     || total
---------------------------++-------
  Melee: Short sword       ||     8
 Armour: Robe              ||     4
  Dodge: Dodged            ||    10

Table legend: (Time is in decaauts)
 A = Elapsed time spent in this place.
 B = Non-inter-level travel time spent in this place.
 C = Inter-level travel time spent in this place.
 D = Time resting spent in this place.
 E = Time spent auto-exploring this place.
 F = Levels seen in this place.
 G = Mean time per level.
                   A        B        C        D        E       F      G
               +--------+--------+--------+--------+--------+-----+--------+
         Total |     82 |     82 |      0 |      0 |     30 |   3 |   27.3 |
       Dungeon |     82 |     82 |      0 |      0 |     30 |   3 |   27.3 |
               +--------+--------+--------+--------+--------+-----+--------+

Top non-repeatable levels by time:
     D:4: 43 daAuts
     D:5: 36 daAuts
     D:3: 3 daAuts
